 Dungeon Crawl Stone Soup version 0.30-a0-458-g86641cc369 (webtiles) character file.

Game seed: 15755050256305486448

752 cforsyth the Shield-Bearer (level 7, -2/77 HPs)
             Began as a Troll Fighter on Dec 14, 2022.
             Was an Initiate of Wu Jian.
             Slain by a goblin
             ... wielding a +0 club
             ... led by Robin
              (5 damage)
             ... on level 4 of the Dungeon.
             The game lasted 00:04:06 (2467 turns).

cforsyth the Shield-Bearer (Troll Fighter)          Turns: 2467, Time: 00:04:07

Health: -2/77      AC:  6    Str: 25    XL:     7   Next: 49%
Magic:  6/6        EV:  9    Int:  6    God:    Wu Jian [......]
Gold:   204        SH:  8    Dex:  9    Spells: 6/6 levels left

rFire   . . .      SeeInvis .      - Unarmed
rCold   . . .      Faith    .    b - +0 kite shield
rNeg    . . .      Spirit   .    a - +0 robe
rPois   .          Reflect  .    (helmet restricted)
rElec   .          Harm     .    (no cloak)
rCorr   .          Rampage  .    (gloves unavailable)
Will    .....                    (boots unavailable)
Stlth   +.........               (no amulet)
HPRegen 1.12/turn                (no ring)
MPRegen 0.10/turn                (no ring)

@: no status effects
A: large, unfitting armour, claws 3, regeneration 1, shaggy fur 1, tough skin 1,
iridescent scales 1, robust 1, wild magic 1
a: Renounce Religion


You were on level 4 of the Dungeon.
You worshipped Wu Jian.
Wu Jian was noncommittal.
You visited 1 branch of the dungeon, and saw 4 of its levels.

You collected 204 gold pieces.

Inventory:

Armour
 a - a +0 robe (worn)
 b - a +0 kite shield (worn)
Jewellery
 q - a +6 ring of strength
Scrolls
 d - a scroll of enchant armour {unknown}
 g - 2 scrolls of enchant weapon {unknown}
 h - 4 scrolls of identify {unknown}
 j - 2 scrolls of teleportation {unknown}
 k - a scroll of amnesia {unknown}
 n - a scroll of noise {unknown}
 o - a scroll of brand weapon {unknown}
 p - 3 scrolls of poison {unknown}
Potions
 c - a potion of might
 e - a potion of lignification {unknown}
 f - a potion of haste {unknown}
 i - a potion of invisibility {unknown}
 l - a potion of curing {unknown}
 m - a potion of cancellation
 r - a potion of mutation


   Skills:
 + Level 4.2 Fighting
 + Level 4.1 Dodging
 + Level 4.6 Shields
 + Level 4.5 Unarmed Combat


You had 6 spell levels left.
You didn't know any spells.
Your spell library contained the following spells:

 Spells                   Type           Power      Damage    Failure   Level
 Slow                     Hex            0%         N/A       82%         1
 Confusing Touch          Hex            0%         N/A       99%         3
 Dazzling Flash           Conj/Hex       0%         N/A       99%         3
 Hailstorm                Conj/Ice       0%         3d3       99%         3
 Vampiric Draining        Necr           0%         2d6       99%         3
 Ice Form                 Ice/Tmut       0%         N/A       100%        4
 Iskenderun's Mystic Bla  Conj/Tloc      0%         2d3       100%        4
 Simulacrum               Ice/Necr       0%         N/A       100%        6
 Starburst                Conj/Fire      0%         6d3       100%        6


Dungeon Overview and Level Annotations

Branches:
Dungeon (4/15)
 Temple: D:4-7

Altars:
Makhleb
Qazlal
Uskayaw
Wu Jian

Shops:
D:4 *

Annotations:
D:2 1 runed translucent door, Crazy Yiuf
D:3 3 runed translucent doors, superbruh's ghost, amateur OgBe
D:4 Robin


Innate Abilities, Weirdness & Mutations

You are too large for most types of armour.
You have claws for hands.
Your natural rate of healing is unusually fast.
You are covered in fur. (AC +1)
You have tough skin. (AC +1)
You are partially covered in iridescent scales. (AC +2)
You are robust. (+10% HP)
Your spells are a little harder to cast, but a little more powerful.


Message History

The goblin hits you from afar with a +3 trident.
* * * LOW HITPOINT WARNING * * *
The goblin hits you with a +0 club.
* * * LOW HITPOINT WARNING * * *
Unknown command.
You scratch the goblin.
The goblin is moderately wounded.
The hobgoblin no longer looks unusually strong.
The hobgoblin hits you but does no damage.
The goblin hits you with a +0 club.
* * * LOW HITPOINT WARNING * * *
The goblin barely misses you. You block the goblin's attack.
Unknown command.
Unknown command.
You claw the goblin!
You kill the goblin!
The Council accepts your kill.
The hobgoblin no longer looks unusually strong.
Robin points. "Kill!"
The goblin barely misses you. The hobgoblin hits you.
* * * LOW HITPOINT WARNING * * *
You block the goblin's attack. The goblin hits you with a +0 club.
* * * LOW HITPOINT WARNING * * *
Unknown command.
Unknown command.
Unknown command.
It was a potion of cancellation.
You feel magically purged. The hobgoblin closely misses you.
The goblin hits you but does no damage. The goblin closely misses you.
The goblin hits you with a +0 club.
* * * LOW HITPOINT WARNING * * *
The goblin hits you with a +0 club.
* * * LOW HITPOINT WARNING * * *
It was a potion of mutation.
You feel extremely strange.
Iridescent scales grow over part of your body.
You feel robust.
You feel less in control of your magic.
Robin roars a battlecry!
The goblins go into a battle-frenzy!
The hobgoblin hits you but does no damage.
The goblin hits you with a +0 club.
You die...

##### #...##
.....## ##
......# ##8
......# ###
<.)...# ##.#
.....## #..
.....## ###g##
......# #.gg@#
.....># #.ggg#
......# #.ggg#
.....## #...g#
#...##
#..).####
##.##
###)....).gg
#.#
###......#.###
#.##
#...#......#
##..##
#.###.....##


You could see Robin, 4 hobgoblins and 5 goblins.

Vanquished Creatures
  Sigmund (D:2)
  Eustachio (D:4)
  Edmund (D:4)
  A necrophage (D:4)
  A hound (D:4)
  Natasha (thrice) (D:3)
  9 adders
  2 worms
  4 dart slugs
  2 bats
  6 endoplasms
  4 giant cockroaches
  7 goblins
  2 hobgoblins (D:3)
  9 jackals
  2 kobolds
  5 quokkas
  10 ball pythons
  4 frilled lizards
  5 rats (D:1)
79 creatures vanquished.

Vanquished Creatures (others)
  16 plants (D:3)
16 creatures vanquished.

Grand Total: 95 creatures vanquished

Notes
Turn   | Place    | Note
-------+----------+-------------------------------------------
     0 | D:1      | cforsyth the Troll Fighter began the quest for the Orb.
     0 | D:1      | Reached XP level 1. HP: 22/22 MP: 0/0
    43 | D:1      | Reached XP level 2. HP: 29/29 MP: 1/1
   334 | D:1      | Reached XP level 3. HP: 36/36 MP: 2/2
   524 | D:2      | Identified the +8 lajatang of Dircheh {flame, *Noise rPois
                  | rCorr}
   543 | D:2      | Noticed Sigmund
   550 | D:2      | Killed Sigmund
   551 | D:2      | Reached XP level 4. HP: 45/45 MP: 3/3
   551 | D:2      | Reached XP level 5. HP: 53/53 MP: 4/4
   644 | D:2      | Found a runed translucent door.
   645 | D:2      | Noticed Crazy Yiuf
   671 | D:2      | Found a faded altar of an unknown god.
   671 | D:2      | Noticed a golden eye
   686 | D:2      | Noticed a shining eye
   690 | D:2      | Noticed a shining eye
   790 | D:2      | Noticed a shining eye
  1247 | D:3      | Found a runed translucent gate.
  1247 | D:3      | Found a runed translucent gate.
  1247 | D:3      | Found a runed translucent gate.
  1248 | D:3      | Noticed superbruh's ghost (amateur OgBe)
  1329 | D:3      | Noticed Natasha
  1337 | D:3      | Killed Natasha
  1338 | D:3      | Reached XP level 6. HP: 54/61 MP: 5/5
  1681 | D:3      | Noticed Natasha
  1691 | D:3      | Killed Natasha
  1888 | D:3      | Noticed Natasha
  1897 | D:3      | Killed Natasha
  1913 | D:4      | Noticed Eustachio
  1920 | D:4      | Killed Eustachio
  1921 | D:4      | Reached XP level 7. HP: 56/68 MP: 6/6
  1955 | D:4      | Noticed Edmund
  1956 | D:4      | Found Unubuol's Overcharged Wands.
  1981 | D:4      | Killed Edmund
  2181 | D:4      | Found an ornate altar of the Wu Jian Council.
  2181 | D:4      | Found a stormy altar of Qazlal.
  2188 | D:4      | Found a faded altar of an unknown god.
  2190 | D:4      | Found a hide-covered altar of Uskayaw.
  2192 | D:4      | Found a burning altar of Makhleb.
  2293 | D:4      | Became a worshipper of the Wu Jian Council
  2445 | D:4      | Noticed Robin
  2466 | D:4      | HP: 3/70 [goblin/+0 club[Robin] (3)]
  2467 | D:4      | Gained mutation: You are partially covered in iridescent
                  | scales. (AC +2) [potion of mutation]
  2467 | D:4      | Gained mutation: You are robust. (+10% HP) [potion of
                  | mutation]
  2467 | D:4      | Gained mutation: Your spells are a little harder to cast,
                  | but a little more powerful. [potion of mutation]
  2467 | D:4      | Slain by a goblin

Illustrated notes

Levels and vault maps discovered:
D:1:      reono_arrival_forest_river, layout_rooms, minmay_stone_trees_medium,
          nicolae_wormholes
D:2:      layout_basic, hellmonk_ecumenical_altar_watching_god,
          uniq_crazy_yiuf_cottage, uniq_sigmund
D:3:      layout_loops_ring, serial_bayou, serial_bayou_ford_a,
          serial_bayou_pond_a, serial_bayou_lagoon_a, serial_bayou_shore_a,
          serial_bayou_pond_e, serial_bayou_pond_e, ebering_ghost_rock_garden,
          uniq_natasha
D:4:      layout_rooms, chequers_temple_overflow_minitemple,
          nicolae_overflow_hidden_temple, kennysheep_small_spiral,
          nicolae_shop_overcharged_wands, uniq_robin, uniq_edmund,
          uniq_eustachio

Skill      XL: |  1  2  3  4  5  6  7 |
---------------+----------------------+-----
Shields        | 3 4 |  4.6
Fighting       | 3 4 |  4.2
Dodging        | 3 4 |  4.1
Unarmed Combat | 3 4 |  4.5

Action                   |  1- 3 |  4- 6 |  7- 9 || total
-------------------------+-------+-------+-------++-------
Melee: Unarmed           |    71 |   127 |    66 ||   264
Invok: Lunge             |       |       |     2 ||     2
  Use: Potion            |       |       |     2 ||     2
 Stab: Sleeping          |       |     1 |     1 ||     2
Armor: Robe              |    39 |    41 |    13 ||    93
Dodge: Dodged            |    37 |    38 |    34 ||   109
Block: Kite shield       |    28 |    47 |    40 ||   115

Table legend: (Time is in decaauts)
 A = Elapsed time spent in this place.
 B = Non-inter-level travel time spent in this place.
 C = Inter-level travel time spent in this place.
 D = Time resting spent in this place.
 E = Time spent auto-exploring this place.
 F = Levels seen in this place.
 G = Mean time per level.
                   A        B        C        D        E       F      G
               +--------+--------+--------+--------+--------+-----+--------+
         Total |   2483 |   2350 |    133 |      0 |   1742 |   4 |  620.8 |
       Dungeon |   2483 |   2350 |    133 |      0 |   1742 |   4 |  620.8 |
               +--------+--------+--------+--------+--------+-----+--------+

Top non-repeatable levels by time:
     D:3: 778 daAuts
     D:2: 679 daAuts
     D:4: 558 daAuts
     D:1: 466 daAuts
